 Dungeon Crawl Stone Soup version 0.28-a0-1348-g050f3537b9 (webtiles) character file.

Game seed: 1819086241446862285

18 Deminshera the Slasher (level 2, -1/24 HPs)
             Began as a Human Monk on Dec 30, 2021.
             Frozen to death by an endoplasm (4 damage)
             ... on level 1 of the Dungeon.
             The game lasted 00:00:58 (770 turns).

Deminshera the Slasher (Human Monk)                  Turns: 770, Time: 00:00:58

Health: -1/24      AC:  2    Str: 11    XL:     2   Next: 85%
Magic:  2/2        EV: 13    Int: 10    God:
Gold:   51         SH:  0    Dex: 15    Spells: 1/1 levels left

rFire   . . .      SeeInvis .   a - +0 falchion
rCold   . . .      Faith    .   (no shield)
rNeg    . . .      Spirit   .   b - +0 robe
rPois   .          Reflect  .   (no helmet)
rElec   .          Harm     .   (no cloak)
rCorr   .          Rampage  .   (no gloves)
Will    .....                   (no boots)
Stlth   ++........              (no amulet)
HPRegen 0.08/turn               (no ring)
MPRegen 0.08/turn               (no ring)

@: no status effects
A: no striking features
a: no special abilities


You were on level 1 of the Dungeon.
You visited 1 branch of the dungeon, and saw 1 of its levels.

You collected 51 gold pieces.

Inventory:

Hand Weapons
 a - a +0 falchion (weapon)
Armour
 b - a +0 robe (worn)
Scrolls
 d - a scroll of immolation {unknown}
 e - 2 scrolls of identify {unknown}
 g - a scroll of blinking {unknown}
Potions
 c - a potion of mutation {unknown}
 f - a potion of invisibility {unknown}


   Skills:
 + Level 3.3 Fighting
 * Level 3.6 Long Blades
 - Level 3.0 Dodging
 - Level 2.0 Stealth


You had one spell level left.
You didn't know any spells.
Your spell library contained the following spells:

 Spells                   Type           Power      Damage    Failure   Level
 Apportation              Tloc           0%         N/A       36%         1
 Alistair's Intoxication  Tmut/Pois      0%         N/A       100%        5


Dungeon Overview and Level Annotations

Branches:
Dungeon (1/15)

Altars:


Message History

You hit the jackal but do no damage. The jackal bites you.
You miss the jackal. The jackal completely misses you. The jackal bites you.
You closely miss the jackal.
An endoplasm comes into view.
The jackal barely misses you.
You miss the jackal. The jackal bites you. The jackal barely misses you.
You closely miss the jackal. The jackal bites you. x2
You are too injured to fight recklessly!
You are too injured to fight recklessly!
You are too injured to fight recklessly!
You are too injured to fight recklessly!
You are too injured to fight recklessly!
You are too injured to fight recklessly!
You are too injured to fight recklessly!
You are too injured to fight recklessly!
You are too injured to fight recklessly!
The endoplasm quivers.
You hit the jackal but do no damage. The jackal bites you.
You barely miss the jackal. The jackal bites you.
* * * LOW HITPOINT WARNING * * *
A goblin comes into view. It is wielding a +0 dagger.
The jackal bites you.
* * * LOW HITPOINT WARNING * * *
The goblin shouts!
You hit the jackal.
The jackal is severely wounded.
The jackal bites you.
* * * LOW HITPOINT WARNING * * *
The jackal bites you.
* * * LOW HITPOINT WARNING * * *
The jackal bites you.
* * * LOW HITPOINT WARNING * * *
You hit the jackal but do no damage.
The jackal is severely wounded.
The jackal misses you. x2
You hit the jackal.
You kill the jackal!
The endoplasm freezes you.
You are frozen.
You die...

######
#.##.######
#.........###
#.#.........#
#†##.####..##
#.##.# #..#
#@##.####..#
####J##.......#
#.(.g##.#####)#
###.##.##.# #.#
.........# #.#
.###.###....#
#.####### ..
#.##$# #.##.....
#. #.# .#
#.##..... ..
..###.###.##.....


You could see an endoplasm and a goblin.

Vanquished Creatures
  A dart slug (D:1)
  A ball python (D:1)
  2 bats (D:1)
  An endoplasm (D:1)
  2 hobgoblins (D:1)
  4 jackals (D:1)
  A quokka (D:1)
  A frilled lizard (D:1)
  A goblin (D:1)
  A rat (D:1)
15 creatures vanquished.

Notes
Turn   | Place    | Note
-------+----------+-------------------------------------------
     0 | D:1      | Deminshera the Human Monk began the quest for the Orb.
     0 | D:1      | Reached XP level 1. HP: 18/18 MP: 1/1
   187 | D:1      | Reached XP level 2. HP: 10/24 MP: 2/2
   770 | D:1      | Frozen to death by an endoplasm

Illustrated notes

Levels and vault maps discovered:
D:1:      ncdulo_wetmaze, layout_basic, shapermc_ecumenical_altar_totnotflames,
          st_stairs_3

Action                   || total
-------------------------++-------
Melee: Falchion          ||    65
 Stab: Sleeping          ||     2
Armor: Robe              ||    14
Dodge: Dodged            ||    41

Table legend: (Time is in decaauts)
 A = Elapsed time spent in this place.
 B = Non-inter-level travel time spent in this place.
 C = Inter-level travel time spent in this place.
 D = Time resting spent in this place.
 E = Time spent auto-exploring this place.
 F = Levels seen in this place.
 G = Mean time per level.
                   A        B        C        D        E       F      G
               +--------+--------+--------+--------+--------+-----+--------+
         Total |    787 |    787 |      0 |    374 |    276 |   1 |  787.0 |
       Dungeon |    787 |    787 |      0 |    374 |    276 |   1 |  787.0 |
               +--------+--------+--------+--------+--------+-----+--------+

Top non-repeatable levels by time:
     D:1: 787 daAuts
